[ PARTIDA AOE2 · #475479853 ]
UnrankedGurjaras vs Japanese
Equipo del jugador · VICT
Equipo rival · DERR
[ ANÁLISIS DE REPETICIÓN · EXTRAÍDO DE LA PARTIDA GRABADA ]
Feudal
8:28
Castillos
24:31
Imperial
—
| APM promedio | 62.2 |
| APM pico | 96 |
| eAPM promedio | 29.1 |
| Aldeanos / militares | 104 / 40 |
Foco
⚔️ 38.2% · 🌾 61.8%
Archer ×27 · Skirmisher ×7 · Scout Cavalry ×3 · Monk ×1 · Mangonel ×1 · Armored Elephant ×1
Feudal
9:25
Castillos
28:41
Imperial
—
| APM promedio | 36.6 |
| APM pico | 76 |
| eAPM promedio | 17.2 |
| Aldeanos / militares | 51 / 25 |
Foco
⚔️ 35.0% · 🌾 65.0%
Archer ×17 · Militia ×5 · Spearman ×3
Mapa de la partida
Recursos iniciales + cada clic de construcción. Líneas = muros · curvas = relieve. ◆ oro · ⬟ piedra · ● bayas · ✦ reliquia · ◌ hueco del cierre
Tu base· ✓ Cerrada en 24:31 · 37t muro · 1 puerta(s) · frágil
Base de RALF· Abierta — flanco sin cerrar
Terreno inicial suavizado · ◌ = hueco del cierre detectado · pasá el cursor para detalles
Inputs por minuto
— VL Mibel - - RALF
Build order — VL Mibel
Primeras 150 de 251 acciones detectadas
| 0:00 | Crear | Villager (Male) |
| 0:00 | Crear | Villager (Male) |
| 0:02 | Construir | House |
| 0:03 | Construir | House |
| 0:05 | Crear | Villager (Male) |
| 0:06 | Crear | Villager (Male) |
| 0:35 | Construir | Mill |
| 1:34 | Crear | Villager (Male) |
| 1:34 | Crear | Villager (Male) |
| 1:52 | Crear | Villager (Male) |
| 1:52 | Crear | Villager (Male) |
| 2:05 | Crear | Villager (Male) |
| 2:06 | Crear | Villager (Male) |
| 2:26 | Crear | Villager (Male) |
| 2:26 | Crear | Villager (Male) |
| 2:55 | Crear | Villager (Male) |
| 3:14 | Crear | Villager (Male) |
| 3:14 | Crear | Villager (Male) |
| 3:25 | Construir | House |
| 3:29 | Construir | House |
| 3:43 | Crear | Villager (Male) |
| 4:00 | Construir | Lumber Camp |
| 4:01 | Crear | Villager (Male) |
| 4:01 | Crear | Villager (Male) |
| 4:15 | Crear | Villager (Male) |
| 4:16 | Crear | Villager (Male) |
| 4:17 | Crear | Villager (Male) |
| 4:17 | Crear | Villager (Male) |
| 5:10 | Crear | Villager (Male) |
| 5:26 | Investigar | Loom |
| 6:18 | Investigar | Feudal Age |
| 6:18 | Investigar | Feudal Age |
| 6:36 | Construir | Lumber Camp |
| 7:16 | Crear | Villager (Male) |
| 7:18 | Crear | Villager (Male) |
| 7:44 | Construir | Barracks |
| 7:51 | Crear | Villager (Male) |
| 8:28 | Edad | Edad Feudal |
| 8:33 | Construir | Stable |
| 8:48 | Construir | Palisade Wall |
| 8:57 | Construir | Palisade Wall |
| 8:58 | Crear | Villager (Male) |
| 9:04 | Construir | House |
| 9:05 | Construir | Palisade Wall |
| 9:05 | Construir | Palisade Wall |
| 9:14 | Crear | Scout Cavalry |
| 9:15 | Crear | Scout Cavalry |
| 9:17 | Investigar | Double-Bit Axe |
| 9:17 | Investigar | Double-Bit Axe |
| 9:34 | Crear | Villager (Male) |
| 9:53 | Crear | Villager (Male) |
| 9:57 | Crear | Scout Cavalry |
| 10:01 | Construir | House |
| 10:04 | Construir | House |
| 10:07 | Construir | Palisade Wall |
| 10:09 | Construir | Palisade Wall |
| 10:11 | Construir | Palisade Wall |
| 10:13 | Construir | Palisade Wall |
| 10:16 | Construir | Palisade Wall |
| 10:17 | Construir | Palisade Wall |
| 10:18 | Crear | Villager (Male) |
| 10:24 | Construir | Palisade Wall |
| 10:32 | Construir | Palisade Wall |
| 10:35 | Construir | Palisade Wall |
| 10:41 | Crear | Villager (Male) |
| 10:48 | Construir | Watch Tower |
| 10:51 | Crear | Villager (Male) |
| 10:54 | Crear | Villager (Male) |
| 11:55 | Crear | Villager (Male) |
| 12:40 | Construir | Archery Range |
| 12:42 | Construir | Farm |
| 13:00 | Construir | Farm |
| 13:00 | Construir | Farm |
| 13:09 | Construir | House |
| 13:14 | Construir | Farm |
| 13:37 | Crear | Villager (Male) |
| 13:37 | Crear | Villager (Male) |
| 13:56 | Crear | Skirmisher |
| 13:59 | Construir | Mining Camp |
| 14:04 | Construir | Farm |
| 14:21 | Crear | Villager (Male) |
| 14:25 | Crear | Archer |
| 14:25 | Crear | Archer |
| 14:41 | Crear | Villager (Male) |
| 14:58 | Crear | Villager (Male) |
| 14:58 | Crear | Villager (Male) |
| 15:09 | Construir | Palisade Wall |
| 15:10 | Construir | Palisade Wall |
| 15:15 | Crear | Villager (Male) |
| 15:15 | Crear | Villager (Male) |
| 15:17 | Crear | Archer |
| 15:26 | Construir | Farm |
| 15:28 | Crear | Villager (Male) |
| 15:39 | Crear | Villager (Male) |
| 15:49 | Construir | Lumber Camp |
| 15:49 | Crear | Villager (Male) |
| 15:50 | Crear | Villager (Male) |
| 15:54 | Construir | Palisade Wall |
| 16:08 | Crear | Villager (Male) |
| 16:12 | Construir | Farm |
| 16:13 | Crear | Villager (Male) |
| 16:14 | Construir | Farm |
| 16:16 | Construir | Farm |
| 16:22 | Construir | House |
| 16:42 | Crear | Villager (Male) |
| 16:42 | Crear | Villager (Male) |
| 16:47 | Crear | Villager (Male) |
| 16:54 | Crear | Villager (Male) |
| 16:54 | Crear | Villager (Male) |
| 17:15 | Crear | Villager (Male) |
| 17:15 | Crear | Villager (Male) |
| 17:23 | Construir | Farm |
| 17:28 | Construir | Lumber Camp |
| 17:29 | Crear | Villager (Male) |
| 17:29 | Crear | Villager (Male) |
| 17:40 | Construir | House |
| 17:42 | Crear | Villager (Male) |
| 17:44 | Crear | Archer |
| 17:44 | Crear | Archer |
| 17:47 | Construir | Farm |
| 17:59 | Investigar | Town Watch |
| 18:00 | Crear | Villager (Male) |
| 18:02 | Crear | Archer |
| 18:02 | Crear | Archer |
| 18:07 | Crear | Villager (Male) |
| 18:14 | Construir | Farm |
| 18:19 | Construir | Palisade Wall |
| 18:20 | Crear | Villager (Male) |
| 18:29 | Crear | Archer |
| 18:34 | Crear | Villager (Male) |
| 18:37 | Construir | Blacksmith |
| 18:44 | Construir | Farm |
| 19:00 | Crear | Villager (Male) |
| 19:02 | Construir | Farm |
| 19:03 | Construir | Farm |
| 19:24 | Crear | Villager (Male) |
| 19:31 | Crear | Villager (Male) |
| 19:34 | Crear | Archer |
| 19:35 | Crear | Villager (Male) |
| 19:38 | Investigar | Fletching |
| 19:38 | Investigar | Fletching |
| 19:54 | Construir | Farm |
| 20:08 | Construir | House |
| 20:10 | Construir | Market |
| 20:17 | Construir | Farm |
| 20:17 | Crear | Archer |
| 20:17 | Crear | Archer |
| 20:50 | Crear | Villager (Male) |
| 20:56 | Crear | Archer |
| 20:56 | Crear | Archer |
Build order — RALF
Primeras 150 de 168 acciones detectadas
| 0:00 | Crear | Villager (Male) |
| 0:02 | Construir | House |
| 0:03 | Construir | House |
| 0:08 | Crear | Villager (Male) |
| 0:20 | Crear | Villager (Male) |
| 0:28 | Crear | Villager (Male) |
| 1:36 | Crear | Villager (Male) |
| 1:51 | Crear | Villager (Male) |
| 1:51 | Crear | Villager (Male) |
| 2:12 | Crear | Villager (Male) |
| 2:14 | Construir | Lumber Camp |
| 3:01 | Crear | Villager (Male) |
| 3:08 | Crear | Villager (Male) |
| 3:48 | Construir | House |
| 3:52 | Crear | Villager (Male) |
| 3:52 | Crear | Villager (Male) |
| 3:55 | Crear | Villager (Male) |
| 3:57 | Crear | Villager (Male) |
| 3:57 | Crear | Villager (Male) |
| 4:27 | Crear | Villager (Male) |
| 4:47 | Crear | Villager (Male) |
| 4:47 | Crear | Villager (Male) |
| 5:31 | Construir | Mill |
| 5:35 | Crear | Villager (Male) |
| 6:02 | Construir | Barracks |
| 6:08 | Crear | Villager (Male) |
| 6:43 | Construir | Mining Camp |
| 6:46 | Investigar | Loom |
| 7:15 | Investigar | Feudal Age |
| 7:15 | Investigar | Feudal Age |
| 7:23 | Crear | Militia |
| 7:23 | Crear | Militia |
| 7:27 | Construir | House |
| 7:46 | Crear | Militia |
| 8:03 | Crear | Militia |
| 8:15 | Crear | Villager (Male) |
| 8:48 | Construir | Mining Camp |
| 8:53 | Crear | Militia |
| 9:25 | Edad | Edad Feudal |
| 9:52 | Crear | Villager (Male) |
| 9:55 | Investigar | Man-at-Arms (upgrade) |
| 9:55 | Investigar | Man-at-Arms (upgrade) |
| 9:56 | Construir | House |
| 10:24 | Crear | Villager (Male) |
| 10:24 | Crear | Villager (Male) |
| 10:30 | Construir | Watch Tower |
| 10:35 | Crear | Spearman |
| 11:57 | Crear | Spearman |
| 11:57 | Crear | Spearman |
| 11:58 | Crear | Villager (Male) |
| 11:58 | Crear | Villager (Male) |
| 11:59 | Crear | Villager (Male) |
| 12:21 | Crear | Villager (Male) |
| 12:58 | Crear | Villager (Male) |
| 13:02 | Construir | Archery Range |
| 13:04 | Crear | Villager (Male) |
| 13:23 | Crear | Villager (Male) |
| 13:28 | Construir | House |
| 13:29 | Construir | House |
| 13:32 | Construir | Palisade Wall |
| 13:34 | Construir | Palisade Wall |
| 13:37 | Construir | Palisade Wall |
| 13:41 | Construir | Palisade Wall |
| 13:43 | Construir | Palisade Wall |
| 14:02 | Crear | Villager (Male) |
| 14:06 | Crear | Villager (Male) |
| 14:09 | Construir | House |
| 14:18 | Construir | House |
| 14:24 | Investigar | Double-Bit Axe |
| 14:27 | Crear | Archer |
| 14:58 | Construir | Watch Tower |
| 15:19 | Crear | Villager (Male) |
| 15:20 | Crear | Archer |
| 15:23 | Construir | House |
| 15:28 | Construir | Palisade Wall |
| 15:30 | Crear | Villager (Male) |
| 15:52 | Crear | Archer |
| 15:58 | Construir | Watch Tower |
| 16:05 | Construir | House |
| 16:07 | Construir | Palisade Wall |
| 16:11 | Construir | Farm |
| 16:11 | Construir | Farm |
| 16:13 | Construir | Farm |
| 16:15 | Construir | Farm |
| 16:15 | Construir | Farm |
| 16:16 | Crear | Villager (Male) |
| 16:17 | Crear | Archer |
| 16:17 | Crear | Archer |
| 16:24 | Construir | House |
| 16:35 | Crear | Archer |
| 16:46 | Construir | Palisade Wall |
| 16:47 | Construir | Palisade Wall |
| 16:51 | Construir | Palisade Wall |
| 16:54 | Construir | Palisade Wall |
| 16:56 | Construir | Palisade Wall |
| 17:01 | Construir | Palisade Wall |
| 17:05 | Construir | Palisade Wall |
| 17:45 | Crear | Villager (Male) |
| 17:46 | Construir | Farm |
| 17:47 | Crear | Archer |
| 17:49 | Construir | House |
| 17:50 | Construir | House |
| 17:51 | Crear | Villager (Male) |
| 18:01 | Construir | Watch Tower |
| 18:05 | Crear | Villager (Male) |
| 18:07 | Construir | Blacksmith |
| 18:37 | Crear | Villager (Male) |
| 18:44 | Construir | Farm |
| 18:45 | Construir | Farm |
| 18:46 | Construir | Farm |
| 18:51 | Crear | Archer |
| 18:54 | Investigar | Fletching |
| 19:01 | Construir | Watch Tower |
| 19:56 | Crear | Villager (Male) |
| 20:00 | Construir | Farm |
| 20:02 | Construir | Farm |
| 20:02 | Construir | Farm |
| 20:03 | Crear | Villager (Male) |
| 20:14 | Investigar | Padded Archer Armor |
| 20:24 | Construir | Watch Tower |
| 20:27 | Crear | Villager (Male) |
| 20:31 | Construir | Farm |
| 21:15 | Crear | Villager (Male) |
| 21:19 | Construir | Farm |
| 21:20 | Construir | Farm |
| 21:20 | Construir | Farm |
| 21:36 | Crear | Villager (Male) |
| 21:52 | Construir | Watch Tower |
| 22:01 | Crear | Villager (Male) |
| 22:38 | Crear | Villager (Male) |
| 22:53 | Crear | Villager (Male) |
| 22:54 | Crear | Archer |
| 22:54 | Crear | Archer |
| 22:54 | Crear | Archer |
| 22:55 | Crear | Archer |
| 23:18 | Crear | Villager (Male) |
| 23:23 | Construir | Farm |
| 23:24 | Construir | Farm |
| 24:30 | Crear | Villager (Male) |
| 24:31 | Construir | Market |
| 25:02 | Construir | Palisade Wall |
| 25:03 | Construir | Palisade Wall |
| 25:04 | Construir | Palisade Wall |
| 25:05 | Construir | Palisade Wall |
| 25:05 | Construir | Palisade Wall |
| 25:51 | Construir | Watch Tower |
| 26:01 | Investigar | Castle Age |
| 26:02 | Investigar | Castle Age |
| 26:03 | Crear | Archer |
| 26:03 | Crear | Archer |
Cronología de la partida
| 6:02 | RALF · first_building Barracks |
| 7:44 | VL Mibel · first_building Barracks |
| 8:28 | VL Mibel · age_up feudal |
| 8:33 | VL Mibel · first_building Stable |
| 8:48 | VL Mibel · wall_segment Palisade Wall x3 |
| 8:57 | VL Mibel · wall_segment Palisade Wall x1 |
| 9:05 | VL Mibel · wall_segment Palisade Wall x1 |
| 9:05 | VL Mibel · wall_segment Palisade Wall x1 |
| 9:25 | RALF · age_up feudal |
| 10:07 | VL Mibel · wall_segment Palisade Wall x3 |
| 10:09 | VL Mibel · wall_segment Palisade Wall x1 |
| 10:11 | VL Mibel · wall_segment Palisade Wall x1 |
| 10:13 | VL Mibel · wall_segment Palisade Wall x1 |
| 10:16 | VL Mibel · wall_segment Palisade Wall x1 |
| 10:17 | VL Mibel · wall_segment Palisade Wall x1 |
| 10:24 | VL Mibel · wall_segment Palisade Wall x1 |
| 10:32 | VL Mibel · wall_segment Palisade Wall x1 |
| 10:35 | VL Mibel · wall_segment Palisade Wall x5 |
| 12:40 | VL Mibel · first_building Archery Range |
| 13:02 | RALF · first_building Archery Range |
| 13:32 | RALF · wall_segment Palisade Wall x1 |
| 13:34 | RALF · wall_segment Palisade Wall x1 |
| 13:37 | RALF · wall_segment Palisade Wall x1 |
| 13:41 | RALF · wall_segment Palisade Wall x1 |
| 13:43 | RALF · wall_segment Palisade Wall x1 |
| 15:09 | VL Mibel · wall_segment Palisade Wall x1 |
| 15:10 | VL Mibel · wall_segment Palisade Wall x1 |
| 15:28 | RALF · wall_segment Palisade Wall x1 |
| 15:54 | VL Mibel · wall_segment Palisade Wall x1 |
| 16:07 | RALF · wall_segment Palisade Wall x3 |
| 16:46 | RALF · wall_segment Palisade Wall x1 |
| 16:47 | RALF · wall_segment Palisade Wall x1 |
| 16:51 | RALF · wall_segment Palisade Wall x1 |
| 16:54 | RALF · wall_segment Palisade Wall x1 |
| 16:56 | RALF · wall_segment Palisade Wall x1 |
| 17:01 | RALF · wall_segment Palisade Wall x1 |
| 17:05 | RALF · wall_segment Palisade Wall x1 |
| 18:19 | VL Mibel · wall_segment Palisade Wall x3 |
| 21:14 | VL Mibel · first_market_sell 100 wood |
| 21:56 | VL Mibel · wall_segment Palisade Wall x11 |
| 24:31 | VL Mibel · age_up castle |
| 24:38 | VL Mibel · first_building Siege Workshop |
| 25:02 | RALF · wall_segment Palisade Wall x1 |
| 25:03 | RALF · wall_segment Palisade Wall x1 |
| 25:04 | RALF · wall_segment Palisade Wall x1 |
| 25:05 | RALF · wall_segment Palisade Wall x1 |
| 25:05 | RALF · wall_segment Palisade Wall x1 |
| 25:55 | VL Mibel · first_market_buy 100 stone |
| 26:15 | RALF · wall_segment Palisade Wall x13 |
| 27:46 | RALF · wall_segment Palisade Wall x1 |
| 28:04 | VL Mibel · first_building Monastery |
| 28:36 | RALF · wall_segment Palisade Wall x2 |
| 28:41 | RALF · age_up castle |
| 30:06 | RALF · resign |
[ ANÁLISIS IA · 1 CRÉDITO ]
¿Qué pasó realmente en esta partida?
Wolo.gg analiza cada decisión: build order, eco, micro, errores típicos por bracket. Análisis personalizado por WhatsApp o Discord en 30 segundos.
Guía civ
Gurjaras
Perfil
Jugador #400111